 Dungeon Sprint DCSS version 0.21.1-1-g345015f (webtiles) character file.

194 Fang the Fighter (level 5, -4/39 HPs)
             Began as a Gargoyle Berserker on July 23, 2018.
             Was an Elder of Trog.
             Shot with an arrow by a centaur (8 damage)
             ... in the Dungeon (Sprint VII: "The Pits").
             The game lasted 00:02:06 (239 turns).

Fang the Fighter (Gargoyle Berserker)                Turns: 239, Time: 00:02:07

Health: -4/39      AC:  6    Str: 22    XL:     5   Next: 73%
Magic:  5/5        EV: 13    Int:  7    God:    Trog [****..]
Gold:   0          SH:  0    Dex:  9    Spells: 4/4 levels left

rFire    . . .     SeeInvis .   j - +2 hand axe
rCold    . . .     Gourm    .   (no shield)
rNeg     + . .     Faith    .   b - +0 animal skin
rPois    ∞         Spirit   .   (no helmet)
rElec    +         Reflect  .   (no cloak)
rCorr    .         Harm     .   (no gloves)
MR       .....     NoTele   +   (no boots)
Stlth    +.........             (no amulet)
HPRegen  0.13/turn              (no ring)
MPRegen  0.09/turn              (no ring)

@: berserk cooldown, slowed, very slow
A: negative energy resistance 1, electricity resistance, unbreathing,
petrification resistance, rot immunity, AC +4
a: Berserk, Trog's Hand, Brothers in Arms, Burn Spellbooks, Renounce Religion


You were in the Dungeon.
You worshipped Trog.
Trog was greatly pleased with you.
You were not hungry.

You visited 1 branch

Inventory:

Hand Weapons
 j - a +2 hand axe (weapon)
 m - a +0 hand axe of freezing
Armour
 b - a +0 animal skin (worn)
Scrolls
 i - a scroll of blinking
 k - 3 scrolls of remove curse
 l - a scroll of summoning
Potions
 a - 2 potions of invisibility
 d - 6 potions of curing
 e - 6 potions of heal wounds
 f - a potion of haste
 g - 4 potions of magic
 h - 3 potions of berserk rage
Comestibles
 c - 9 rations
 n - 2 chunks of flesh


   Skills:
 + Level 8.2 Fighting
 + Level 7.4 Axes
 + Level 4.0 Armour
 + Level 3.3 Dodging
 + Level 0.9 Stealth


You had 4 spell levels left.
You didn't know any spells.

Dungeon Overview and Level Annotations

Branches:
Dungeon (1/1)

Altars:
Cheibriados
Dithmenos
Elyvilon
Fedhas
Gozag
Hepliaklqana
Makhleb
Nemelex Xobeh
Okawaru
Qazlal
Ru
Sif Muna
Trog
Vehumet
Wu Jian
Xom
Yredelemnul
Zin
The Shining One
Beogh
Jiyva
Lugonu


Innate Abilities, Weirdness & Mutations

You are resistant to torment.
Your stone body is resilient. (AC +4)
You are immune to poison.
You resist negative energy. (rN+)
You are resistant to electric shocks. (rElec)
You can survive without breathing.
You are immune to petrification.
You are immune to rotting.


Message History

The arrow hits your ogre!
The centaur unwields an uncursed shortbow.
The centaur barely misses your ogre.
Your ogre hits the centaur with a giant club!
Things that are here:
an arrow; a whip; a gnoll corpse The centaur hits your ogre!
Your ogre barely misses the centaur.
The centaur wields an uncursed shortbow.
The centaur shoots an arrow.
The arrow hits your ogre!
Your ogre dies!
Your ogre's corpse disappears in a puff of smoke!
Unknown command.
The centaur shoots an arrow.
The arrow closely misses you.
The centaur shoots an arrow.
The arrow hits you!
* * * LOW HITPOINT WARNING * * *
Things that are here:
an arrow; a whip; a gnoll corpse Unknown command.
The centaur shoots an arrow.
The arrow hits you!
You die...

________.#
______...#######
##########'##.....
#.?(.')))'.##.....
##########.##.....
#(..........'.....
#'#####'#####.....
#.#.....#..##.....
#@#.....#).#####'#
#(###'###))##.....
#(#.....#))##.....
#c#.....#[[##.....
#S####'##'###...<.
#.#...(†...##.....
#.#........##.....
#'###########.....
#.. ######


You could see a water moccasin and a centaur.

Vanquished Creatures
  A floating eye (D)
  A gnoll shaman (D)
  4 gnolls (D)
  An ufetubus (D)
  A leopard gecko (D)
  A ball python (D)
  A quokka (D)
  A ball python skeleton (D)
  A frilled lizard (D)
  A kobold (D)
  A leopard gecko skeleton (D)
14 creatures vanquished.

Vanquished Creatures (collateral kills)
  2 gnolls (D)
2 creatures vanquished.

Grand Total: 16 creatures vanquished

Notes
Turn   | Place    | Note
-------+----------+-------------------------------------------
     0 | D        | Fang the Gargoyle Berserker began the quest for the Orb.
     0 | D        | Reached XP level 1. HP: 14/14 MP: 1/1
    23 | D        | Found a bloodstained altar of Trog.
    23 | D        | Found a deep blue altar of Sif Muna.
    23 | D        | Found a viscous altar of Jiyva.
    23 | D        | Found a hazy altar of Hepliaklqana.
    23 | D        | Found an opulent altar of Gozag.
    24 | D        | Found a glowing golden altar of the Shining One.
    24 | D        | Found a glowing silver altar of Zin.
    24 | D        | Found a basalt altar of Yredelemnul.
    24 | D        | Found a shimmering altar of Xom.
    24 | D        | Found an ornate altar of the Wu Jian Council.
    24 | D        | Found a sacrificial altar of Ru.
    24 | D        | Found a stormy altar of Qazlal.
    24 | D        | Found an iron altar of Okawaru.
    24 | D        | Found a sparkling altar of Nemelex Xobeh.
    24 | D        | Found a burning altar of Makhleb.
    24 | D        | Found a blossoming altar of Fedhas.
    24 | D        | Found a white marble altar of Elyvilon.
    24 | D        | Found a shadowy altar of Dithmenos.
    24 | D        | Found a snail-covered altar of Cheibriados.
    26 | D        | Found a radiant altar of Vehumet.
    26 | D        | Found a corrupted altar of Lugonu.
    26 | D        | Found a roughly hewn altar of Beogh.
    66 | D        | Noticed a floating eye
    68 | D        | Paralysed by a floating eye for 3 turns
    71 | D        | Killed a floating eye
    71 | D        | Reached skill level 6 in Fighting
    71 | D        | Reached skill level 5 in Axes
    71 | D        | Reached XP level 2. HP: 23/23 MP: 2/2
    71 | D        | Reached XP level 3. HP: 28/28 MP: 3/3
    71 | D        | Reached XP level 4. HP: 32/32 MP: 4/4
    72 | D        | Reached ** piety under Trog
    78 | D        | Reached skill level 7 in Fighting
    86 | D        | Reached XP level 5. HP: 33/38 MP: 5/5
   138 | D        | Reached *** piety under Trog
   217 | D        | Reached **** piety under Trog
   218 | D        | Noticed a centaur
   223 | D        | Reached skill level 8 in Fighting
   229 | D        | Noticed a water moccasin
   239 | D        | Shot with an arrow by a centaur

Skill      XL: |  1  2  3  4  5 |
---------------+----------------+-----
Axes           | 5 6 7 |  7.4
Fighting       | 6 7 8 |  8.2
Armour         | 3 4 |  4.0
Dodging        | 2 3 |  3.3
Stealth        | |  0.9

Action                   |  1- 3 |  4- 6 || total
-------------------------+-------+-------++-------
Melee: Hand axe          |     9 |    33 ||    42
Invok: Berserk           |       |     1 ||     1
       Brothers in Arms  |       |     1 ||     1
Armor: Animal skin       |     3 |     8 ||    11
Dodge: Dodged            |     7 |    32 ||    39
